 Dungeon Sprint DCSS version 0.30-a0-728-gc68057be0a (webtiles) character file.

Game seed: 13330095763076627878

0 Oxelix the Firebug (level 1, -4/13 HPs)
             Began as a Demonspawn Fire Elementalist on Jan 31, 2023.
             Slain by Grinder (10 damage)
             ... in the Dungeon (Sprint VI: "Thunderdome").
             The game lasted 00:00:44 (53 turns).

Oxelix the Firebug (Demonspawn Fire Elementalist)     Turns: 53, Time: 00:00:45

Health: -4/13      AC:  2    Str:  8    XL:     1   Next: 83%
Magic:  4/4        EV: 12    Int: 16    God:
Gold:   200        SH:  0    Dex: 13    Spells: 4/5 levels left

rFire   . . .      SeeInvis .    (no weapon)
rCold   . . .      Faith    .    (no shield)
rNeg    . . .      Spirit   .    a - +0 robe
rPois   .          Reflect  .    (no helmet)
rElec   .          Harm     .    (no cloak)
rCorr   .          Rampage  .    (no gloves)
Will    .....      NoTele   +    (no boots)
Stlth   ++                       (no amulet)
HPRegen 0.22/turn                (no ring)
MPRegen 0.09/turn                (no ring)

@: no status effects
A: no striking features
a: no special abilities


You were in the Dungeon.
You visited 1 branch You collected 200 gold pieces.

Inventory:

Armour
 a - a +0 robe (worn)
Wands
 i - a wand of quicksilver (5)
 j - a wand of iceblast (5)
Scrolls
 g - 4 scrolls of blinking
 k - 3 scrolls of fog
Potions
 b - 2 potions of magic
 c - a potion of curing
 d - 4 potions of heal wounds
 e - 4 potions of haste
 f - a potion of berserk rage
 h - 2 potions of resistance


   Skills:
 - Level 1.7 Dodging
 - Level 1.7 Stealth
 + Level 2.5 Spellcasting
 + Level 2.0 Conjurations
 * Level 3.6 Fire Magic


You had 4 spell levels left.
You knew the following spells:

 Your Spells              Type           Power      Damage    Failure   Level
a - Foxfire               Conj/Fire      44%        2x1d6     6%          1

Your spell library contained the following spells:

 Spells                   Type           Power      Damage    Failure   Level
 Scorch                   Fire           26%        2d6       7%          2
 Inner Flame              Hex/Fire       7%         N/A       28%         3
 Kindle Blastsparks       Fire/Tloc/Air  10%        2d10      34%         3
 Flame Wave               Conj/Fire      11%        2d6       52%         4


Dungeon Overview and Level Annotations

Branches:
Dungeon (1/1)

Altars:
Cheibriados
Fedhas
Gozag
Kikubaaqudgha
Makhleb
Okawaru
Qazlal
Ru
Sif Muna
Trog
Vehumet
Wu Jian
Xom
Yredelemnul

Shops:
D *[???:(!!!!

Annotations:
D Grinder


Message History

You can move again.
Found an opulent altar of Gozag.
Grinder gestures at you. Pain shoots through your body!
Ouch! That really hurt!
Grinder blinks!
Found two altars.
You conjure some foxfire!
The foxfire hits Grinder.
Grinder is heavily wounded.
The foxfire hits Grinder but does no damage.
Grinder is heavily wounded.
Grinder says, "Just stop there for a second..."
Grinder drinks a potion.
Grinder seems to speed up.
Found Vywk's Magic Scroll Shop.
Found Ymiaczo's Magic Scroll Shop and Gocu's Must-Have Magic.
Found Kaiplooc's Staff Store.
Found an ancient bone altar of Kikubaaqudgha and an iron altar of Okawaru.
Found a blossoming altar of Fedhas.
You conjure some foxfire!
Grinder gestures at you. Pain shoots through your body!
Grinder blinks!
Unknown command.
Grinder says, "Tell me all your secrets, or I'll kill you."
The foxfire hits Grinder.
Grinder is heavily wounded.
The foxfire hits Grinder.
Grinder is heavily wounded.
Found an ornate altar of the Wu Jian Council.
Found a glowing silver altar of Zin.
Found Heiko's Distillery and Heuluzaj's Do-It-Yourself Clinic.
Found a burning altar of Makhleb and a radiant altar of Vehumet.
Grinder says, "My boss said I was rubbish.
His entrails said otherwise."
Found Xiss's Distillery and Xuloib's Bottled Wisdom.
Magic courses through your body.
You are too injured to fight recklessly!
You are too injured to fight recklessly!
Grinder attacks as you move away! Grinder hits you!
Ouch! That really hurt!
You die...

#_........# #_......._#
###.........###
#⌠...........⌠#
####.8.........8.######
___......###......___∩##
.......8.# #.8........∩#
.........###...5........
......###...###.@.......
......# #.<.# #.........
......###...# #.........
.........###............
.......8.# .8........∩#
___......# ......__.∩##
####.8.........8.######
#§...........⌠#
###.........###


You could see Grinder (fast).

Vanquished Creatures
  A white imp (D)
1 creature vanquished.

Vanquished Creatures (others)
  9 foxfires (D)
9 creatures vanquished.

Grand Total: 10 creatures vanquished

Notes
Turn   | Place    | Note
-------+----------+-------------------------------------------
     0 | D        | Oxelix the Demonspawn Fire Elementalist began the quest for
                  | the Orb.
     0 | D        | Reached XP level 1. HP: 13/13 MP: 3/3
     1 | D        | Found a sacrificial altar of Ru.
     2 | D        | Found a basalt altar of Yredelemnul.
     3 | D        | Found a shimmering altar of Xom.
     4 | D        | Found Pyjin's Identification Station.
     4 | D        | Found a stormy altar of Qazlal.
     4 | D        | Found a bloodstained altar of Trog.
     5 | D        | Found Zewylah's Advanced Armour.
     5 | D        | Found Wiodecup's Jewellery.
     5 | D        | Round 1.
    12 | D        | Reached skill level 3 in Fire Magic
    25 | D        | Noticed Grinder
    26 | D        | Paralysed by Grinder for 3 turns
    29 | D        | Found an opulent altar of Gozag.
    32 | D        | Found a shimmering blue altar of Sif Muna.
    32 | D        | Found a snail-covered altar of Cheibriados.
    36 | D        | Found Vywk's Magic Scroll Shop.
    37 | D        | Found Ymiaczo's Magic Scroll Shop.
    37 | D        | Found Gocu's Must-Have Magic.
    38 | D        | Found an ancient bone altar of Kikubaaqudgha.
    38 | D        | Found an iron altar of Okawaru.
    38 | D        | Found Kaiplooc's Staff Store.
    42 | D        | Found a blossoming altar of Fedhas.
    47 | D        | Found an ornate altar of the Wu Jian Council.
    49 | D        | Found Heiko's Distillery.
    49 | D        | Found a burning altar of Makhleb.
    49 | D        | Found a radiant altar of Vehumet.
    49 | D        | Found Heuluzaj's Do-It-Yourself Clinic.
    50 | D        | Found Xiss's Distillery.
    50 | D        | Found Xuloib's Bottled Wisdom.
    53 | D        | Slain by Grinder

Illustrated notes

Levels and vault maps discovered:
D:        arena_sprint

Skill      XL: |  1 |
---------------+----+-----
Conjurations   | 2 |  2.0
Fire Magic     | 3 |  3.6
Dodging        | |  1.7
Stealth        | |  1.7
Spellcasting   | |  2.5

Action                     || total
---------------------------++-------
   Cast: Foxfire           ||     6
    Use: Potion            ||     1

Table legend: (Time is in decaauts)
 A = Elapsed time spent in this place.
 B = Non-inter-level travel time spent in this place.
 C = Inter-level travel time spent in this place.
 D = Time resting spent in this place.
 E = Time spent auto-exploring this place.
 F = Levels seen in this place.
 G = Mean time per level.
                   A        B        C        D        E       F      G
               +--------+--------+--------+--------+--------+-----+--------+
         Total |     53 |     53 |      0 |     13 |      0 |   1 |   53.0 |
       Dungeon |     53 |     53 |      0 |     13 |      0 |   1 |   53.0 |
               +--------+--------+--------+--------+--------+-----+--------+

Top non-repeatable levels by time:
       D: 53 daAuts
